[Event "Early-Titled-Tuesday-Blitz-February-13-2024"]
[Site "Chess.com"]
[Date "2024.02.13"]
[Round "3"]
[White "Hui_Li_Macau"]
[Black "dealshark"]
[Result "1-0"]
[WhiteElo "2362"]
[BlackElo "2085"]
[TimeControl "180+1"]
[EndTime "8:32:00 PST"]
[Termination "Hui_Li_Macau won by checkmate"]

1. e4 c6 2. d4 d5 3. Nd2 dxe4 4. Nxe4 Nd7 5. Nf3 Ngf6 6. Nxf6+ Nxf6 7. c3 Bg4 8. h3 Bh5 9. g4 Bg6 10. Ne5 e6 11. h4 Qd5 12. f3 Bd6 13. Bc4 Qa5 14.
Bf4 O-O-O 15. h5 Bxe5 16. Bxe5 Nd7 17. Bxg7 Rhg8 18. hxg6 Rxg7 19. gxh7 Rh8 20. Qc2 Nf6 21. Bd3 Qg5 22. Qd2 Nxh7 23. Qxg5 Rxg5 24. Rxh7 Rd8 25.
O-O-O c5 26. dxc5 Rxc5 27. Rxf7 Rh8 28. Be4 Rh2 29. Bxb7+ Kb8 30. Rd8+ Rc8 31. Rxc8# 1-0

[Event "Early-Titled-Tuesday-Blitz-February-13-2024"]
[Site "Chess.com"]
[Date "2024.02.13"]
[Round "3"]
[White "viviania"]
[Black "ChessQueen"]
[Result "1-0"]
[WhiteElo "2918"]
[BlackElo "2686"]
[TimeControl "180+1"]
[EndTime "8:32:01 PST"]
[Termination "viviania won by resignation"]

1. d4 Nf6 2. c4 e6 3. Nc3 Bb4 4. e3 b6 5. Ne2 Ne4 6. Qc2 Bb7 7.
a3 Bxc3+ 8. Nxc3 Nxc3 9. Qxc3 d6 10. b3 Nd7 11. Bb2 Qh4 12. d5 O-O-O 13. Qxg7 Rhg8 14. Qd4 Qh5 15. Be2 Qg6 16. g3 Nc5 17. Qd1 Qf5 18. b4 Ne4 19. f3 Ng5 20. e4 Qh3 21. Qd3 f5 22. exf5 exd5 23. cxd5 Rde8 24. O-O-O Rxe2 25. Qxe2 Qxf5 26. f4 Ne4 27. Rhe1 Re8 28. Qd3 Qg6 29. Re3 Qf5 30. Be5 Nxg3 31. hxg3 Qxd3 32. Rdxd3 dxe5 33. Rxe5 Rd8 34. d6 cxd6 35. Re7 Kb8 36. Rde3 h5 37. Re8 Rxe8 38. Rxe8+ Kc7 39. Re7+ Kc8 40. Kd2 a5 41. Kc3 axb4+ 42. axb4 Bf3 43. f5 Kd8 44. f6 Bg4 45.
Kd4 1-0

[Event "Early-Titled-Tuesday-Blitz-February-13-2024"]
[Site "Chess.com"]
[Date "2024.02.13"]
[Round "3"]
[White "Radzio1987"]
[Black "Dinamo3"]
[Result "1-0"]
[WhiteElo "2899"]
[BlackElo "2524"]
[TimeControl "180+1"]
[EndTime "8:32:01 PST"]
[Termination "Radzio1987 won on time"]

1. c4 Nf6 2. Nc3 g6 3. g3 Bg7 4. Bg2 O-O 5. d4 d6 6. Nf3 Nc6 7. O-O Bf5 8. Nh4 Bd7 9. b3 a6 10. Bb2 Rb8 11. Rc1 e5 12. dxe5 dxe5 13. Nd5 Be6 14.
Qd2 Nd4 15. e3 Nf5 16. Nxf5 Bxf5 17. Rfd1 c6 18. Nxf6+ Qxf6 19. Qa5 Qe6 20. Ba3 Rfe8 21. Rd6 Qc8 22. Rcd1 Bf8 23. R6d2 Bxa3 24. Qxa3 Qc7 25. Qc5 Bg4 26. f3 Be6 27. Rd6 f6 28. e4 Rbd8 29.
Bf1 Rxd6 30. Rxd6 Kf7 31. f4 exf4 32. gxf4 Rd8 33. e5 Rxd6 34. exd6 Qd7 35. Qd4 Qe8 36. c5 Qd7 37. Kf2 Bd5 38. Bc4 Bxc4 39. Qxc4+ Kg7 40. Qe4 Kf7 41. Kg3 Qd8 42. f5 Qd7 43. Kf4 Qd8 44. Qe6+ Kg7 45. d7 Qc7+ 46. Qd6 Qd8 47.
Ke4 Kf7 48. Qe6+ Kg7 49. Qe8 1-0

[Event "Early-Titled-Tuesday-Blitz-February-13-2024"]
[Site "Chess.com"]
[Date "2024.02.13"]
[Round "3"]
[White "TitarovVasiliYouTube"]
[Black "Vigg-Sama"]
[Result "1-0"]
[WhiteElo "2516"]
[BlackElo "2248"]
[TimeControl "180+1"]
[EndTime "8:32:01 PST"]
[Termination "TitarovVasiliYouTube won by resignation"]

1. Nf3 Nf6 2. g3 g6 3. Bg2 Bg7 4. O-O O-O 5. c4 c5 6. Nc3 d5 7.
cxd5 Nxd5 8. Nxd5 Qxd5 9. d3 Nc6 10. a3 Bg4 11. Rb1 Rfd8 12. Qa4 Qd7 13. Be3 Nd4 14. Qd1 Ne6 15. b4 cxb4 16. axb4 Bxf3 17. Bxf3 Nd4 18. Bg2 a6 19. Rc1 Rac8 20. Bxd4 Bxd4 21. Qb3 e6 22. e3 Bf6 23. d4 Be7 24. h4 h5 25.
Rxc8 Rxc8 26. Rb1 Qb5 27. Bf1 Qb6 28. Bd3 Kg7 29. Be4 Qc7 30. b5 a5 31. b6 Qd7 32. Qb5 Rc1+ 33. Kg2 Qc8 34. Rxc1 Qxc1 35. Bxb7 Qd1 36. Qxa5 Bxh4 37. gxh4 Qg4+ 38. Kf1 Qd1+ 39. Qe1 Qg4 40. Bg2 Qxh4 41. b7 Qd8 42. Qb4 1-0

[Event "Early-Titled-Tuesday-Blitz-February-13-2024"]
[Site "Chess.com"]
[Date "2024.02.13"]
[Round "3"]
[White "ViIIagra"]
[Black "FontVella8"]
[Result "1-0"]
[WhiteElo "2961"]
[BlackElo "2730"]
[TimeControl "180+1"]
[EndTime "8:32:02 PST"]
[Termination "ViIIagra won by resignation"]

1. g3 d5 2. Bg2 Nf6 3. f4 h5 4.
Nf3 c5 5. O-O Nc6 6. d3 g6 7. Nc3 Bg7 8. e4 Bg4 9. e5 Ng8 10. h3 Bxf3 11. Qxf3 e6 12. Qf2 b6 13. Ne2 Nh6 14. c3 Rc8 15. Bd2 Nf5 16. h4 f6 17.
exf6 Qxf6 18. Rae1 O-O 19. Kh2 Rce8 20. Ng1 Nh6 21.
Kh1 Ng4 22. Qf3 Nd8 23. Nh3 Nf7 24. Ng5 Nxg5 25. hxg5 Qf5 26. Re2 Kh7 27. Kg1 b5 28. Rfe1 b4 29. Bh3 bxc3 30. Bxc3 e5 31. Bxg4 hxg4 32.
Qh1+ Kg8 33. Qxd5+ Qf7 34. Qxf7+ Rxf7 35. Bxe5 Rc8 36.
Bxg7 Kxg7 37. Re7 Kf8 38. Rxf7+ Kxf7 39. b3 Rd8 40. Re3 Rd4 41. Kf2 a5 42. Ke2 a4 43.
Re4 axb3 44. Rxd4 cxd4 45. axb3 1-0

[Event "Early-Titled-Tuesday-Blitz-February-13-2024"]
[Site "Chess.com"]
[Date "2024.02.13"]
[Round "3"]
[White "Logman74"]
[Black "Njal28"]
[Result "0-1"]
[WhiteElo "2538"]
[BlackElo "2981"]
[TimeControl "180+1"]
[EndTime "8:32:03 PST"]
[Termination "Njal28 won on time"]

1. e4 a6 2. d4 c6 3. Nc3 d5 4. Nf3 Bg4 5. Be2 e6 6. O-O Nf6 7. e5 Nfd7 8. Ng5 Bxe2 9. Qxe2 Be7 10. Qh5 g6 11. Qh6 Bf8 12. Qh3 Bg7 13. f4 Qe7 14. a4 c5 15. Ne2 Nc6 16. c3 h6 17.
Nf3 Na5 18. Nd2 cxd4 19. Nxd4 O-O 20. b4 Nc6 21. N2f3 Nxd4 22. Nxd4 Rfc8 23. Bd2 Rc4 24.
Rae1 Rac8 25. Qd3 a5 26. Nb5 axb4 27. Nd6 bxc3 28. Nxc8 Qc5+ 29. Be3 Qxc8 30. Rc1 Bf8 31. Rc2 Nc5 32. Bxc5 Qxc5+ 33. Kh1 Qa3 34. Rfc1 Bb4 35. Qe3 Qxa4 36. f5 Re4 37. Qxh6 Qxc2 38. f6 Qxc1+ 39. Qxc1 c2 0-1

[Event "Early-Titled-Tuesday-Blitz-February-13-2024"]
[Site "Chess.com"]
[Date "2024.02.13"]
[Round "3"]
[White "FairChess_on_YouTube"]
[Black "SirGerhard"]
[Result "1/2-1/2"]
[WhiteElo "3075"]
[BlackElo "2807"]
[TimeControl "180+1"]
[EndTime "8:32:04 PST"]
[Termination "Game drawn by repetition"]

1. d4 Nf6 2. c4 g6 3. Nc3 d5 4. cxd5 Nxd5 5. e4 Nxc3 6. bxc3 Bg7 7. Nf3 c5 8. Bb5+ Bd7 9. Bxd7+ Nxd7 10. O-O O-O 11.
Rb1 Qc7 12. Bg5 e6 13. Qb3 b6 14. Rbd1 cxd4 15. cxd4 Rac8 16. Qa4 Qc6 17. Qxc6 Rxc6 18.
d5 exd5 19. exd5 Rc2 20. a4 h6 21. Be7 Re8 22. d6 Ra2 23. Rc1 Bf8 24. Rfe1 Bxe7 25.
Rxe7 Rd8 26. h3 Nc5 27. Ne5 Rxd6 28. Nxf7 Rf6 29. Nxh6+ Kf8 30. Rxa7 Rfxf2 31. Rf1 Rxf1+ 32. Kxf1 Rxa4 33. Rf7+ Ke8 34. Rf6 b5 35. Rxg6 b4 36. Rb6 b3 37. Rb5 Ra2 38. Rxc5 b2 39. Rb5 Ra1+ 40. Kf2 b1=Q 41. Rxb1 Rxb1 42. Nf5 Kf7 43. Nd4 Kf6 44. Nf3 Rb2+ 45. Kg3 Rb3 46. Kf4 Rb4+ 47.
Kg3 Rb3 48. Kf2 Rb2+ 49. Kg3 Rb3 1/2-1/2

[Event "Early-Titled-Tuesday-Blitz-February-13-2024"]
[Site "Chess.com"]
[Date "2024.02.13"]
[Round "3"]
[White "Hovik_Hayrapetyan"]
[Black "GulamaliRises"]
[Result "1-0"]
[WhiteElo "2899"]
[BlackElo "2636"]
[TimeControl "180+1"]
[EndTime "8:32:04 PST"]
[Termination "Hovik_Hayrapetyan won by checkmate"]

1. d4 d6 2. Nf3 g6 3. c4 Bg7 4. Nc3 f5 5. h4 Nf6 6. h5 Nxh5 7. e4 fxe4 8. Ng5 Nf6 9. Ncxe4 h6 10. Nxf6+ exf6 11. Nf3 Qe7+ 12. Be3 f5 13. Be2 g5 14. Qa4+ Nd7 15. O-O-O O-O 16. Bd3 f4 17. Bd2 Nb6 18.
Qb3 c5 19. Rde1 Qc7 20. Nxg5 cxd4 21. Kb1 Qc5 22. Ne4 Qc6 23. c5+ d5 24. cxb6 axb6 25. Ng5 Bf5 26. Bxf5 Rxf5 27. Ne6 Qc4 28. Qxc4 dxc4 29. Nxg7 Kxg7 30. Re7+ Kf6 31. Rxb7 Rb5 32.
Rxh6+ Kg5 33. Rhxb6 c3 34. Rxb5+ Kg4 35. Rg7+ Kh4 36.
Bxf4 c2+ 37. Kc1 Rxa2 38. Bg3# 1-0

[Event "Early-Titled-Tuesday-Blitz-February-13-2024"]
[Site "Chess.com"]
[Date "2024.02.13"]
[Round "3"]
[White "TregubovP"]
[Black "Mr_ruthless"]
[Result "1-0"]
[WhiteElo "2684"]
[BlackElo "2488"]
[TimeControl "180+1"]
[EndTime "8:32:04 PST"]
[Termination "TregubovP won by checkmate"]

1. e4 e5 2. Nf3 Nc6 3. Bc4 Nf6 4. d3 Be7 5. O-O O-O 6. Nc3 d6 7. h3 Nd7 8. a3 Nb6 9. Ba2 Kh8 10. d4 exd4 11. Nxd4 Nxd4 12. Qxd4 f5 13. Bd2 Bf6 14. Qd3 fxe4 15. Qxe4 c6 16. Rae1 d5 17. Qd3 Bd7 18.
Nd1 Qc7 19. c3 Rae8 20. Bb1 g6 21. Bh6 Bf5 22. Bxf8 Rxf8 23. Qd2 Bxb1 24. Ne3 Bf5 25.
Nxf5 gxf5 26. Re6 Nc4 27. Qc2 Bg7 28. Rfe1 Qb6 29. b3 Nxa3 30. Qd1 Bxc3 31. R1e3 Bd4 32. Re7 Bxe3 33. Qh5 Bxf2+ 34. Kh1 Qe3 35. Qxh7# 1-0

[Event "Early-Titled-Tuesday-Blitz-February-13-2024"]
[Site "Chess.com"]
[Date "2024.02.13"]
[Round "3"]
[White "szefru"]
[Black "kleopl"]
[Result "0-1"]
[WhiteElo "2261"]
[BlackElo "2525"]
[TimeControl "180+1"]
[EndTime "8:32:04 PST"]
[Termination "kleopl won by resignation"]

1. e4 c5 2. Nf3 d6 3. d4 cxd4 4. Qxd4 Nc6 5. Bb5 Bd7 6. Qd3 g6 7. c4 Bg7 8. Nc3 Nf6 9. O-O O-O 10. h3 a6 11. Bxc6 Bxc6 12. Be3 Nd7 13. Rab1 Nc5 14.
Qc2 Bxc3 15. Bxc5 Bxb2 16. Bxd6 Qxd6 17. Rxb2 Rfd8 18. Re1 Rac8 19. Qc1 f6 20. Qh6 Qe6 21. Rb6 Qxc4 22. e5 Qf7 23. exf6 exf6 24. Nh2 Re8 25. Rxe8+ Rxe8 26. Ng4 Re1+ 27. Kh2 Qc7+ 28. f4 Qxb6 29. Nxf6+ Kf7 30. Qxh7+ Kxf6 31. Qh4+ Kg7 32. Qxe1 Qc7 33. Qc3+ Kh7 34. Qf6 Qd7 35. Qg5 Qd4 36. h4 Qd5 37. Qg3 b5 38. Qf2 Bb7 39. Qc2 Qc6 40. Qd2 b4 41.
Kg3 a5 42. Kh2 Qxg2+ 43. Qxg2 Bxg2 44. Kxg2 a4 45. Kf2 b3 46. axb3 axb3 0-1

[Event "Early-Titled-Tuesday-Blitz-February-13-2024"]
[Site "Chess.com"]
[Date "2024.02.13"]
[Round "3"]
[White "Fjal"]
[Black "AndresDelgado77"]
[Result "0-1"]
[WhiteElo "2110"]
[BlackElo "2363"]
[TimeControl "180+1"]
[EndTime "8:32:04 PST"]
[Termination "AndresDelgado77 won on time"]

1. Nf3 d5 2. g3 Nf6 3. Bg2 c6 4. O-O Bf5 5. d3 h6 6. c4 e6 7.
cxd5 exd5 8. Nd4 Bc8 9. e4 dxe4 10. dxe4 Bc5 11. Be3 Ng4 12. Nxc6 Qxd1 13. Rxd1 Nxc6 14. Bxc5 Nge5 15. Nc3 Bg4 16. f3 Bxf3 17. Nb5 Bxd1 18. Rxd1 f6 19. Nd6+ Kf8 20. Bh3 Kg8 21. Nxb7 Rb8 22.
Nd6 Rxb2 23. Be6+ Kh7 24. Bf5+ g6 25. Bh3 Nf3+ 26. Kf1 Nxh2+ 27. Kg1 Nf3+ 28. Kf1 Rd8 29. Rd3 Nce5 30. Ra3 Rb1+ 31. Kf2 Rb2+ 32. Ke3 Rc2 33. Rxa7+ Kh8 34. Bb4 Ng5 35. Bf1 Nc6 36. Rc7 Nxb4 0-1

[Event "Early-Titled-Tuesday-Blitz-February-13-2024"]
[Site "Chess.com"]
[Date "2024.02.13"]
[Round "3"]
[White "Happy1712Drummer"]
[Black "Ariadna_Atreides"]
[Result "1-0"]
[WhiteElo "2393"]
[BlackElo "2149"]
[TimeControl "180+1"]
[EndTime "8:32:05 PST"]
[Termination "Happy1712Drummer won by checkmate"]

1. e4 c6 2. d4 d5 3. Nc3 dxe4 4.
Nxe4 Nf6 5. Nxf6+ exf6 6. Be2 Bd6 7. Bf3 O-O 8. Ne2 Re8 9. O-O Bf5 10. c4 Nd7 11. c5 Bc7 12. Nc3 Rc8 13. Be3 Bb8 14.
b4 Nf8 15. d5 Be5 16. Rc1 Ng6 17. dxc6 bxc6 18. Qxd8 Rexd8 19. Rfd1 Nf4 20. Rxd8+ Rxd8 21. Rd1 Rc8 22. Ne4 Nd5 23. a3 g5 24. Nd6 Bxd6 25.
Bxd5 Bxh2+ 26. Kh1 cxd5 27. Kxh2 Be4 28. f3 Bc2 29. Rxd5 Kg7 30. Rd6 h5 31. Bd4 g4 32.
Rxf6 Kg8 33. Rh6 Rd8 34. Rh8# 1-0

[Event "Early-Titled-Tuesday-Blitz-February-13-2024"]
[Site "Chess.com"]
[Date "2024.02.13"]
[Round "3"]
[White "Rud_Makarian"]
[Black "sotochess"]
[Result "1-0"]
[WhiteElo "3027"]
[BlackElo "2539"]
[TimeControl "180+1"]
[EndTime "8:32:06 PST"]
[Termination "Rud_Makarian won by checkmate"]

1. Nf3 Nf6 2. g3 g6 3. Bg2 Bg7 4. c4 O-O 5. O-O d5 6. cxd5 Nxd5 7. d4 c5 8. dxc5 Na6 9. c6 bxc6 10. Na3 Rb8 11.
Nc4 Rb4 12. Qc2 Qc7 13. Bd2 Rb8 14. a3 f5 15. Rab1 Nc5 16. Ba5 Qb7 17. Nce5 Nb3 18. Bb4 Nxb4 19. axb4 Qxb4 20. Nxc6 Qb6 21. Nxb8 Qxb8 22.
Qc4+ Kh8 23. Rbd1 Bf6 24. Rd3 Na5 25. Qa4 Qb6 26. b4 Nc4 27. Qb3 Be6 28. Qc2 Qxb4 29.
Rb1 Qa5 30. Rc1 Bg8 31. Nd2 Nd6 32. Nb3 Qb6 33. Nd2 Rb8 34. h4 Qa5 35. Rb1 Rc8 36.
Qd1 Qa2 37. h5 Rc2 38. Rb8 gxh5 39. Bd5 Rxd2 40. Rxg8# 1-0

[Event "Early-Titled-Tuesday-Blitz-February-13-2024"]
[Site "Chess.com"]
[Date "2024.02.13"]
[Round "3"]
[White "Matols"]
[Black "Dewarfd"]
[Result "1-0"]
[WhiteElo "2394"]
[BlackElo "2156"]
[TimeControl "180+1"]
[EndTime "8:32:06 PST"]
[Termination "Matols won on time"]

1. d4 Nf6 2. c4 g6 3. g3 d5 4. cxd5 Nxd5 5. Bg2 Nb6 6. Nf3 Bg7 7. Nc3 O-O 8. O-O c6 9. h3 N8d7 10. e4 e5 11. d5 Re8 12. dxc6 bxc6 13. Bg5 Qc7 14.
Rc1 Nc5 15. Qc2 Ba6 16. Rfd1 Ne6 17. Nd5 cxd5 18. Qxc7 Nxc7 19. Rxc7 dxe4 20. Nd2 f5 21. Nb3 Rec8 22. Rdc1 Nc4 23. Rxc8+ Rxc8 24. Bf1 f4 25. gxf4 Nxb2 26. Bxa6 Rxc1+ 27. Nxc1 Nd3 28. Nxd3 exd3 29. Bxd3 exf4 30. Bxf4 Bc3 31. Kg2 Kf7 32. Bc4+ Kf6 33. Kf3 a5 34. a4 Kf5 35. Bd3+ Kf6 36. Ke4 Be1 37. f3 Bb4 38. Bc7 Ke6 39. Bc4+ Kf6 40. Be5+ Kg5 41. f4+ Kh4 42. Be6 1-0

[Event "Early-Titled-Tuesday-Blitz-February-13-2024"]
[Site "Chess.com"]
[Date "2024.02.13"]
[Round "3"]
[White "Nikolakis2014"]
[Black "VladimirKramnik"]
[Result "0-1"]
[WhiteElo "2709"]
[BlackElo "2934"]
[TimeControl "180+1"]
[EndTime "8:32:07 PST"]
[Termination "VladimirKramnik won by resignation"]

1. d4 e6 2. c4 Bb4+ 3. Bd2 Bxd2+ 4. Qxd2 Nf6 5. Nc3 d5 6. Nf3 O-O 7. g3 dxc4 8. Bg2 Nc6 9. O-O Rb8 10. Rfd1 b5 11. Qc2 Nb4 12. Qc1 Bb7 13. a3 Bxf3 14. Bxf3 Nbd5 15. e4 Nxc3 16. bxc3 Qe7 17. a4 b4 18.
cxb4 Rxb4 19. Qc2 e5 20. Rab1 Rxb1 21. Qxb1 exd4 22. Rxd4 Qc5 23. Rd1 h5 24. Qb5 Qa3 25.
Qf5 c3 26. e5 Ng4 27. e6 c2 28. exf7+ Kh8 29. Bxg4 c1=Q 30. Rxc1 Qxc1+ 31. Kg2 hxg4 32. Qe5 Qc6+ 33. Kg1 Rxf7 34. Qh5+ Kg8 35. Qxg4 Qc1+ 0-1

[Event "Early-Titled-Tuesday-Blitz-February-13-2024"]
[Site "Chess.com"]
[Date "2024.02.13"]
[Round "3"]
[White "BJthechessgod"]
[Black "kleinebeer98"]
[Result "0-1"]
[WhiteElo "2433"]
[BlackElo "2832"]
[TimeControl "180+1"]
[EndTime "8:32:07 PST"]
[Termination "kleinebeer98 won by resignation"]

1. e4 e5 2. Nf3 Nc6 3. Bc4 Nf6 4. d3 h6 5. O-O d6 6. a4 g5 7. Re1 g4 8. Nfd2 Qe7 9. Nf1 Be6 10.
Nbd2 O-O-O 11. c3 d5 12. exd5 Nxd5 13. Ne3 Nf4 14. Bxe6+ Qxe6 15. Qxg4 Qxg4 16. Nxg4 Nxd3 17. Rd1 f5 18. Ne3 f4 19. Nec4 Be7 20. Ne4 Nc5 21. Rxd8+ Rxd8 22. Ned2 e4 23. b4 Nb3 24. Rb1 e3 25.
fxe3 Nxc1 26. Rxc1 fxe3 27. Nf3 Rd3 28. Ne1 Rd2 29. Nxe3 Ra2 30. N1c2 Rxa4 31. Rf1 Ra2 32. Rf7 Bg5 33. b5 Ne5 34. Rg7 Rb2 35. h4 Bxh4 36. Nd4 Bf2+ 37. Kh2 Bxe3 38. Ne6 Bb6 39. Rg8+ Kd7 40.
Nf8+ Kd6 41. Rg7 Rxb5 42. Rh7 Kd5 43. Kg3 Rb3 44. Rxh6 Rxc3+ 45. Kf4 Be3+ 46. Kf5 Bxh6 0-1

[Event "Early-Titled-Tuesday-Blitz-February-13-2024"]
[Site "Chess.com"]
[Date "2024.02.13"]
[Round "3"]
[White "edgarhay012"]
[Black "ilqar_74"]
[Result "1-0"]
[WhiteElo "2617"]
[BlackElo "2818"]
[TimeControl "180+1"]
[EndTime "8:32:09 PST"]
[Termination "edgarhay012 won by resignation"]

1. e4 c5 2. Nc3 d6 3. d4 cxd4 4. Qxd4 Nc6 5. Qd2 g6 6. b3 Bg7 7. Bb2 Nf6 8. O-O-O O-O 9. f3 a5 10. Kb1 Be6 11. g4 Nb4 12. h4 a4 13. Nge2 axb3 14. cxb3 Qa5 15. Nc1 Nd7 16. a3 Nc6 17. h5 Nd4 18.
Nd5 Bxd5 19. Qxa5 Rxa5 20. Bxd4 Be6 21. Bxg7 Kxg7 22. Kb2 Ne5 23. Be2 Rc8 24. Nd3 Nxd3+ 25. Bxd3 g5 26. Rc1 Rac5 27. Rxc5 Rxc5 28. b4 Rc7 29. Rc1 Rxc1 30. Kxc1 h6 31. a4 Kf6 32. Kd2 Ke5 33. Ke3 d5 34. exd5 Kxd5 35. a5 Kd6 36. Kd4 Bd7 37. b5 e5+ 38. Kc4 Be6+ 39. Kb4 Kc7 40.
Kc5 f6 41. Be4 Bc8 42. b6+ Kd7 43. Bf5+ 1-0

[Event "Early-Titled-Tuesday-Blitz-February-13-2024"]
[Site "Chess.com"]
[Date "2024.02.13"]
[Round "3"]
[White "JiiHart"]
[Black "BallottiLuca"]
[Result "1/2-1/2"]
[WhiteElo "2143"]
[BlackElo "2358"]
[TimeControl "180+1"]
[EndTime "8:32:09 PST"]
[Termination "Game drawn by repetition"]

1. e4 c5 2. c3 d5 3. exd5 Qxd5 4.
d4 Nf6 5. Nf3 Bg4 6. Be2 e6 7.
Na3 Nc6 8. Be3 cxd4 9. Nb5 Rc8 10. Nbxd4 Nxd4 11. Nxd4 Bxe2 12. Qxe2 Be7 13. O-O O-O 14. Rfd1 Qa5 15. Qb5 Qc7 16. h3 a6 17. Qe2 Nd5 18. a4 Nxe3 19. Qxe3 Bf6 20. Nf3 g6 21. Rd2 Rfd8 22. Rad1 Kg7 23. Rxd8 Rxd8 24. Rxd8 Qxd8 25. Qe4 Qb6 26. Qc2 h5 27. g3 Qc5 28. Nd2 h4 29. Ne4 Qe5 30. Nxf6 hxg3 31. Ng4 gxf2+ 32. Kxf2 Qf4+ 33. Kg2 e5 34. Qf2 Qg5 35. Qf3 b5 36. Kh2 bxa4 37. Qe4 Qd2+ 38. Kg3 f6 39. Qb7+ Kf8 40.
Qxa6 Qf4+ 41. Kg2 Qe4+ 42. Kg3 Qf4+ 43. Kg2 Qe4+ 44. Kg3 Qf4+ 1/2-1/2

[Event "Early-Titled-Tuesday-Blitz-February-13-2024"]
[Site "Chess.com"]
[Date "2024.02.13"]
[Round "3"]
[White "thesupera12"]
[Black "chessdjw"]
[Result "1-0"]
[WhiteElo "2519"]
[BlackElo "2748"]
[TimeControl "180+1"]
[EndTime "8:32:10 PST"]
[Termination "thesupera12 won by checkmate"]

1. d4 Nf6 2. Bg5 e6 3. Nf3 h6 4. Bxf6 Qxf6 5. e3 d6 6. c4 g6 7. Nc3 Bg7 8. g3 O-O 9. Bg2 c6 10. O-O e5 11. Rc1 Bg4 12. h3 Bxf3 13. Bxf3 exd4 14. Ne4 Qe6 15. exd4 Qxh3 16. Nxd6 Qd7 17. c5 Na6 18. d5 Bxb2 19. Rb1 Be5 20. Rxb7 Qd8 21.
Qc2 Bxd6 22. cxd6 Qxd6 23. Qxc6 Rfd8 24. Rc1 Rac8 25. Qxc8 Rxc8 26. Rxc8+ Kg7 27. Rc6 Qa3 28.
Rxa7 Qxf3 29. Raxa6 Qd1+ 30. Kh2 Qxd5 31. a4 Qf3 32.
Kg1 h5 33. Rf6 Qd1+ 34. Kh2 g5 35. Rf5 Qg4 36. Raf6 h4 37. Rxf7+ Kg8 38. Rf8+ Kg7 39. R5f7+ Kg6 40. gxh4 Qxh4+ 41. Kg2 Qg4+ 42. Kf1 Qd1+ 43. Kg2 Qg4+ 44. Kh2 Qxa4 45. Rf6+ Kh5 46. Rh8+ Kg4 47. f3# 1-0

[Event "Early-Titled-Tuesday-Blitz-February-13-2024"]
[Site "Chess.com"]
[Date "2024.02.13"]
[Round "3"]
[White "Vaibhavraut99"]
[Black "RantomOpening"]
[Result "1-0"]
[WhiteElo "2672"]
[BlackElo "2483"]
[TimeControl "180+1"]
[EndTime "8:32:10 PST"]
[Termination "Vaibhavraut99 won by checkmate"]

1. d4 d5 2. Nf3 e6 3. g3 c5 4. c4 cxd4 5. cxd5 Qa5+ 6. Bd2 Qxd5 7. Bg2 Nf6 8. O-O e5 9. Na3 Bxa3 10. Qa4+ Nc6 11.
Qxa3 Ne4 12. Rfd1 Qc5 13. b4 Qe7 14. Qb2 Nxd2 15. Nxd2 O-O 16. b5 Nd8 17. Rac1 Bg4 18. Nb3 Ne6 19. h3 Bh5 20. Na5 e4 21. Bxe4 Nf4 22.
Bxh7+ Kxh7 23. gxf4 Rad8 24. Rxd4 Rxd4 25. Qxd4 Rd8 26.
Qe3 Qf6 27. Nxb7 Rd7 28. Nc5 Re7 29. Qd3+ Bg6 30. Qf3 Qb2 31. Re1 Qb4 32. Rc1 Rc7 33. f5 Rxc5 34. fxg6+ Kxg6 35. Rxc5 Qxc5 36. Qc6+ Qd6 37.
Qxd6+ f6 38. e3 Kf5 39. f4 g5 40. b6 gxf4 41. b7 f3 42. b8=Q Ke4 43. Kf2 a5 44. Qe8+ Kf5 45. Qh5+ Ke4 46. Qd4# 1-0

[Event "Early-Titled-Tuesday-Blitz-February-13-2024"]
[Site "Chess.com"]
[Date "2024.02.13"]
[Round "3"]
[White "bolwin"]
[Black "Leebit02"]
[Result "0-1"]
[WhiteElo "2268"]
[BlackElo "2559"]
[TimeControl "180+1"]
[EndTime "8:32:10 PST"]
[Termination "Leebit02 won on time"]

1. Nf3 d5 2. c4 dxc4 3. e3 b5 4. a4 c6 5. axb5 cxb5 6. b3 a5 7. bxc4 b4 8. d4 Bb7 9. Bd3 Nf6 10. O-O e6 11. Qc2 Be7 12. e4 Nc6 13. d5 exd5 14.
exd5 Nb8 15. Re1 O-O 16. Bb2 Na6 17. Nbd2 Nc5 18. Bxf6 Bxf6 19. Bxh7+ Kh8 20. Rad1 Bc8 21. Bf5 b3 22. Qb1 a4 23. Nf1 a3 24. Ne5 a2 25.
Qb2 Bxf5 26. Qd4 Nd7 27. Qf4 Bh7 28. Nc6 Qb6 29. Ng3 b2 30. Nh5 b1=Q 31. Nxf6 Nxf6 32. Ne7 Qxd1 33. Rxd1 a1=Q 34. Rc1 Qxc1+ 0-1

[Event "Early-Titled-Tuesday-Blitz-February-13-2024"]
[Site "Chess.com"]
[Date "2024.02.13"]
[Round "3"]
[White "CSB7"]
[Black "jcibarra"]
[Result "1-0"]
[WhiteElo "2752"]
[BlackElo "2960"]
[TimeControl "180+1"]
[EndTime "8:32:11 PST"]
[Termination "CSB7 won by checkmate"]

1. e4 Nc6 2. Nf3 d6 3. d4 Nf6 4. Nc3 g6 5. Be3 Bg7 6. Qd2 Ng4 7. Bg5 h6 8. Bh4 a6 9. O-O-O b5 10. h3 Nf6 11. e5 Nd7 12. Bd3 Nb6 13. Rhe1 d5 14. e6 Bxe6 15. Bxg6 Nc4 16. Qd3 Qd6 17. Nd2 Nxd4 18. Bg3 Qc5 19. Nxc4 bxc4 20. Qe3 O-O 21. Bh5 Rab8 22. Be5 Bxe5 23. Qxe5 Nc6 24. Qg3+ Kh8 25. Qf4 Kg7 26. Qg3+ Kh7 27. Bf3 d4 28. Be4+ f5 29.
Bxc6 dxc3 30. Rxe6 Rg8 31. Qe3 Rxb2 32. Qxc5 Rgb8 33. Bb5 R8xb5 34. Rxe7+ Kg6 35. Qc6+ Kh5 36. g4+ Kh4 37. Qxh6# 1-0

[Event "Early-Titled-Tuesday-Blitz-February-13-2024"]
[Site "Chess.com"]
[Date "2024.02.13"]
[Round "3"]
[White "Teidi96"]
[Black "azikom"]
[Result "0-1"]
[WhiteElo "2297"]
[BlackElo "2728"]
[TimeControl "180+1"]
[EndTime "8:32:12 PST"]
[Termination "azikom won on time"]

1. e4 c5 2. Nf3 e6 3. c3 d5 4. exd5 Qxd5 5. d4 Nf6 6. Be3 Nbd7 7. Be2 cxd4 8. cxd4 Be7 9. Nc3 Qa5 10. O-O O-O 11.
Bc4 Nb6 12. Bb3 Nbd5 13. Bg5 Nxc3 14. bxc3 h6 15. Bxf6 Bxf6 16. Rc1 Rd8 17. c4 Bd7 18. d5 exd5 19. cxd5 Bc6 20. dxc6 Rxd1 21. Rfxd1 bxc6 22. Rd7 Rf8 23. Rxc6 Bd8 24. Rc8 Qf5 25. Rcxd8 Rxd8 26. Rxd8+ Kh7 27. h3 a5 28. Rd5 Qb1+ 29. Kh2 a4 30. Bc4 Qb2 31. Rd7 f5 32. Be6 Kg6 33. Kg3 Qb8+ 34.
Kh4 Qf4+ 35. g4 Qxf3 36. Bxf5+ Kf6 37. Rd6+ Ke7 38. Rd2 Qf4 39. Re2+ Kf6 40. Re6+ Kf7 41. Re2 g6 42. Be6+ Kg7 43. Bd7 Qd6 44. Bxa4 g5+ 0-1

[Event "Early-Titled-Tuesday-Blitz-February-13-2024"]
[Site "Chess.com"]
[Date "2024.02.13"]
[Round "3"]
[White "crazy_but_lazy"]
[Black "stasOR4ik"]
[Result "1-0"]
[WhiteElo "2611"]
[BlackElo "2415"]
[TimeControl "180+1"]
[EndTime "8:32:13 PST"]
[Termination "crazy_but_lazy won by resignation"]

1. d4 d5 2. c4 c6 3. cxd5 cxd5 4.
Bf4 Nc6 5. e3 a6 6. Nc3 Nf6 7.
Be2 Bf5 8. Nf3 e6 9. Qb3 Qd7 10. O-O Be7 11. Na4 Na5 12. Qd1 Rd8 13. Ne5 Qc8 14. Rc1 Qa8 15. Nb6 Qa7 16. Qa4+ Nc6 17. Nxc6 bxc6 18. Rxc6 O-O 19. Qxa6 Qxa6 20. Bxa6 Ne8 21.
Nc8 Bf6 22. Rfc1 g5 23. Bg3 h5 24.
h3 h4 25. Bh2 g4 26. hxg4 Bxg4 27. Bf4 Kh7 28. b4 Rg8 29. Kf1 h3 30. gxh3 Bxh3+ 31. Ke2 Bg4+ 32. Kd2 Bf3 33. b5 Rg2 34. Bg3 e5 35. b6 exd4 36. b7 dxe3+ 37. Kxe3 Be4 38. b8=Q Bg5+ 39. Bf4 d4+ 40. Kxe4 Nf6+ 41. Rxf6 Bxf6 42. Rh1+ Kg6 43. Kf3 d3 44. Kxg2 1-0

[Event "Early-Titled-Tuesday-Blitz-February-13-2024"]
[Site "Chess.com"]
[Date "2024.02.13"]
[Round "3"]
[White "lucasran"]
[Black "remuloaguiarfreitas"]
[Result "1-0"]
[WhiteElo "2694"]
[BlackElo "2287"]
[TimeControl "180+1"]
[EndTime "8:32:13 PST"]
[Termination "lucasran won by checkmate"]

1. Nf3 e6 2. c4 Ne7 3. d4 c5 4. d5 exd5 5. cxd5 d6 6. Nc3 Ng6 7. e4 Be7 8. Be2 O-O 9. O-O a6 10.
a4 Bf6 11. Qc2 Nd7 12. Re1 Re8 13. Bf1 Nde5 14. Nd2 Bg5 15. Ra3 f5 16. exf5 Nh4 17.
Nce4 Bxf5 18. Qd1 Bxe4 19. Nxe4 Bxc1 20. Qxc1 Nf5 21. Ng5 Nd4 22. Ne6 Qf6 23. f4 Ng4 24.
h3 Nh6 25. g4 Nxe6 26. dxe6 Rxe6 27. Bc4 Qd4+ 28. Kg2 d5 29. Rxe6 dxc4 30. Rae3 Qd5+ 31. Kg3 Rf8 32. Re8 g5 33. Rxf8+ Kxf8 34. fxg5 Nf7 35. Rf3 Qe5+ 36. Qf4 Qe7 37. h4 Kg8 38. Kh3 c3 39. bxc3 Qd7 40. h5 Qd5 41. Kh4 h6 42.
gxh6 Qd8+ 43. g5 c4 44. Qxf7+ Kh8 45. Qg7# 1-0